 Dungeon Crawl Stone Soup version 0.29.1-2-gbd0b4ee654 (webtiles) character file.

Game seed: 16449371116106865629

12 Icepheonix32 the Magician (level 2, -3/20 HPs)
             Began as a Demigod Wanderer on Nov 4, 2022.
             Slain by a goblin
             ... wielding a +0 club
              (4 damage)
             ... on level 1 of the Dungeon.
             The game lasted 00:01:07 (928 turns).

Icepheonix32 the Magician (Demigod Wanderer)         Turns: 928, Time: 00:01:07

Health: -3/20      AC:  2    Str: 10    XL:     2   Next: 9%
Magic:  8/8        EV: 11    Int: 16    God:
Gold:   38         SH:  5    Dex: 14    Spells: 6/7 levels left

rFire   . . .      SeeInvis .   a - +0 dagger
rCold   . . .      Faith    .   d - +0 buckler
rNeg    . . .      Spirit   .   c - +0 robe
rPois   .          Reflect  .   (no helmet)
rElec   .          Harm     .   (no cloak)
rCorr   .          Rampage  .   (no gloves)
Will    .....                   (no boots)
Stlth   +.........              (no amulet)
HPRegen 0.06/turn               (no ring)
MPRegen 0.11/turn               (no ring)

@: no status effects
A: high MP 1, forlorn, divine attributes
a: no special abilities


You were on level 1 of the Dungeon.
You visited 1 branch of the dungeon, and saw 1 of its levels.

You collected 38 gold pieces.

Inventory:

Hand Weapons
 a - a +0 dagger (weapon)
Armour
 c - a +0 robe (worn)
 d - a +0 buckler (worn)
Scrolls
 f - a scroll of fear {unknown}
 g - a scroll of teleportation {unknown}
 h - a scroll of identify {unknown}
 i - a scroll of poison {unknown}
Potions
 b - a potion of attraction
 e - a potion of degeneration {unknown}


   Skills:
 + Level 0.3 Short Blades
 + Level 1.0 Armour
 + Level 1.1 Dodging
 + Level 2.9 Shields
 + Level 3.0 Spellcasting
 * Level 1.0 Necromancy


You had 6 spell levels left.
You knew the following spells:

 Your Spells              Type           Power      Damage    Failure   Level
a - Necrotise             Necr           20%        1d5       16%         1

Your spell library contained the following spells:

 Spells                   Type           Power      Damage    Failure   Level
 Beastly Appendage        Tmut           4%         N/A       24%         1
 Sandblast                Erth           4%         2d4       24%         1
 Static Discharge         Conj/Air       2%         3-4/arc   36%         2
 Vampiric Draining        Necr           5%         2d6       43%         3
 Gell's Gravitas          Tloc           2%         N/A       58%         3


Dungeon Overview and Level Annotations

Branches:
Dungeon (1/15)

Shops:
D:1 (


Innate Abilities, Weirdness & Mutations

You have an increased reservoir of magic. (+10% MP)
You shall have no god before yourself.
Your divine heritage dramatically boosts your attributes as you level up.


Message History

You are too injured to fight recklessly!
You are too injured to fight recklessly!
You are too injured to fight recklessly!
You are too injured to fight recklessly!
You are too injured to fight recklessly!
You are too injured to fight recklessly!
You are too injured to fight recklessly!
You are too injured to fight recklessly!
You are too injured to fight recklessly!
Unknown command.
You are too injured to fight recklessly!
Unknown command.
You are too injured to fight recklessly!
Unknown command.
You are too injured to fight recklessly!
Unknown command.
You are too injured to fight recklessly!
Unknown command.
You closely miss the hobgoblin.
The hobgoblin is almost dead.
The bat hits you but does no damage. The bat closely misses you.
The goblin closely misses you. The endoplasm closely misses you.
The hobgoblin closely misses you.
You barely miss the hobgoblin.
The hobgoblin is almost dead.
You block the bat's attack. The goblin misses you.
The endoplasm barely misses you. You block the hobgoblin's attack.
You closely miss the hobgoblin.
The hobgoblin is almost dead.
You block the goblin's attack. The endoplasm hits you.
* * * LOW HITPOINT WARNING * * *
The hobgoblin hits you.
* * * LOW HITPOINT WARNING * * *
You block the kobold's attack.
Unknown command.
Unknown command.
You hit the hobgoblin.
You kill the hobgoblin!
The goblin hits you with a +0 club.
You die...

.......#
#.......# #
#....(..# .
#.......# .#
#.......##.#
#......b#..# #
##.##.##KJ.#
##.#......g@†#
....#..#...###
#....#..#...#
...#....###...#
#.......#...#.
######
######...###..
.....#
#...#.....#.#
#.##.#
#...###...#.#
#.##.#
##.#...#..#


You could see an endoplasm, a goblin, a bat and a kobold.

Vanquished Creatures
  A bat (D:1)
  2 endoplasms (D:1)
  A goblin (D:1)
  A hobgoblin (D:1)
  2 jackals (D:1)
  2 ball pythons (D:1)
  2 frilled lizards (D:1)
  A kobold (D:1)
12 creatures vanquished.

Notes
Turn   | Place    | Note
-------+----------+-------------------------------------------
     0 | D:1      | Icepheonix32 the Demigod Wanderer began the quest for the
                  | Orb.
     0 | D:1      | Icepheonix32 set off with the following items: a +0 dagger,
                  | a potion of attraction, a +0 robe, a +0 buckler; and the
                  | following spells available to memorise: Necrotise, Beastly
                  | Appendage, Sandblast, Static Discharge, Vampiric Draining,
                  | Gell's Gravitas.
     0 | D:1      | Reached XP level 1. HP: 14/14 MP: 6/6
   568 | D:1      | Learned a level 1 spell: Necrotise
   734 | D:1      | Reached skill level 3 in Spellcasting
   813 | D:1      | Found Jublan's Weapon Shoppe.
   821 | D:1      | Reached XP level 2. HP: 20/20 MP: 5/8
   927 | D:1      | HP: 1/20 [hobgoblin (2)]
   928 | D:1      | Slain by a goblin

Illustrated notes

Levels and vault maps discovered:
D:1:      saegor_arrival_simple_e, layout_loops_cross, serial_shops,
          nicolae_shop_bloodbath_and_beyond, ebering_ecumenical_altar_mist,
          nicolae_titane

Skill      XL: |  1 |
---------------+----+-----
Spellcasting   | 3 |  3.0
Short Blades   | |  0.3
Armour         | |  1.0
Dodging        | |  1.1
Shields        | |  2.9
Necromancy     | |  1.0

Action                   || total
-------------------------++-------
Melee: Dagger            ||    48
 Cast: Necrotise         ||     4
Armor: Robe              ||    15
Dodge: Dodged            ||    38
Block: Buckler           ||    18
